 Dungeon Crawl Stone Soup version 0.26-a0-1107-g6118521029 (webtiles) character file.

Game seed: 15724614920463102570

77 robertstho the Vandal (level 4, 0/43 HPs)
             Began as a Halfling Hunter on Dec 16, 2020.
             Slain by Sigmund
             ... wielding a +0 scythe
              (12 damage)
             ... on level 3 of the Dungeon.
             The game lasted 00:02:06 (1449 turns).

robertstho the Vandal (Halfling Hunter)             Turns: 1449, Time: 00:02:07

Health: 0/43       AC:  3    Str: 14    XL:     4   Next: 58%
Magic:  4/4        EV: 11    Int:  9    God:
Gold:   37         SH:  7    Dex: 14    Spells: 3/3 levels left

rFire    . . .     SeeInvis .   n - +2 short sword (drain)
rCold    . . .     Faith    .   g - +0 kite shield
rNeg     . . .     Spirit   .   c - +0 leather armour
rPois    .         Reflect  .   (no helmet)
rElec    .         Harm     .   (no cloak)
rCorr    .         Rampage  .   (no gloves)
Will     .....                  (no boots)
Stlth    ..........             (no amulet)
HPRegen  0.14/turn              (no ring)
MPRegen  0.09/turn              (no ring)

@: berserking (expiring), very quick
A: small, mutation resistance 1
a: no special abilities


You were on level 3 of the Dungeon.
You visited 1 branch of the dungeon, and saw 3 of its levels.

You collected 37 gold pieces.

Inventory:

Hand Weapons
 a - a +1 hunting sling
 b - a +1 hand axe of flaming
 n - a +2 short sword of draining (weapon)
Missiles
 d - 30 sling bullets
 e - 78 stones
Armour
 c - a +0 leather armour (worn)
 g - a +0 kite shield (worn)
Scrolls
 f - 4 scrolls of identify {unknown}
 h - 2 scrolls of enchant armour {unknown}
 j - 2 scrolls of magic mapping {unknown}
 m - 2 scrolls of remove curse {unknown}
 p - a scroll of teleportation {unknown}
Potions
 i - a potion of flight {unknown}
 k - a potion of berserk rage
 l - a potion of curing {unknown}
 o - a potion of magic {unknown}
 q - a potion of might {unknown}
 r - a potion of cancellation {unknown}


   Skills:
 * Level 2.1 Fighting
 * Level 7.8 Slings
 + Level 0.2 Armour
 + Level 2.2 Dodging
 * Level 1.7 Stealth


You had 3 spell levels left.
You didn't know any spells.
Your spell library was empty.

Dungeon Overview and Level Annotations

Branches:
Dungeon (3/15)

Altars:

Annotations:
D:3 2 runed translucent doors, Sigmund


Innate Abilities, Weirdness & Mutations

You are small and have problems with some larger weapons.
You are somewhat resistant to further mutation.


Message History

You shoot a sling bullet. The sling bullet hits the orc.
The orc is almost dead.
Something hits you. The orc hits you but does no damage.
You shoot a sling bullet. The sling bullet hits the orc.
You kill the orc!
No target in view!
No target in view!
No target in view!
No target in view!
A puff of flame appears from out of thin air!
The puff of flame hits you!
* * * LOW HITPOINT WARNING * * *
It was a potion of berserk rage.
A red film seems to cover your vision as you go berserk!
You feel yourself moving faster!
You feel mighty!
You sense an unholy aura.
n - a +2 short sword of draining (weapon)
You feel a strong urge to attack something.
Something hits you!
You die...

... #. #(.( #. ...
.####.# ####(## #
.....#######..(..#
#.##(...........[#
................#
#.............# #
#......†...@).#
##.##.............#
..................#
##.##.............#
#....<#....#...#
#.#...)......#####
#.###........##
###..............
.............####


There were no monsters in sight!

Vanquished Creatures
  An adder (D:2)
  2 worms (D:2)
  A dart slug (D:1)
  An orc (D:3)
  4 giant cockroaches
  8 goblins
  6 hobgoblins
  2 jackals (D:2)
  2 quokkas (D:2)
  12 bats
  A frilled lizard (D:1)
  7 kobolds
  4 rats
51 creatures vanquished.

Notes
Turn   | Place    | Note
-------+----------+-------------------------------------------
     0 | D:1      | robertstho the Halfling Hunter began the quest for the Orb.
     0 | D:1      | Reached XP level 1. HP: 14/14 MP: 1/1
    29 | D:1      | Reached skill level 6 in Slings
    59 | D:1      | Reached XP level 2. HP: 19/19 MP: 2/2
   224 | D:1      | Reached XP level 3. HP: 24/24 MP: 3/3
   383 | D:1      | Reached skill level 7 in Slings
  1060 | D:2      | Reached XP level 4. HP: 29/29 MP: 4/4
  1291 | D:3      | Found a runed translucent gate.
  1292 | D:3      | Found a runed translucent gate.
  1431 | D:3      | Noticed Sigmund
  1449 | D:3      | Slain by Sigmund

Illustrated notes

Levels and vault maps discovered:
D:1:      elethiomel_arrival_shortcut, layout_basic
D:2:      layout_basic
D:3:      layout_basic, nicolae_overflow_crystal_walls, portal_sewer_entry_b,
          ebering_ghost_rock_garden, serial_aquarium, aquarium_bridge_straight
          [aquarium_subvault_bridge, aquarium_subvault_window,
          aquarium_subvault_bridge, aquarium_subvault_wall],
          aquarium_bridge_long_separate [aquarium_subvault_bridge,
          aquarium_subvault_wall, aquarium_subvault_wall,
          aquarium_subvault_bridge, aquarium_subvault_window,
          aquarium_subvault_bridge], aquarium_window_1, aquarium_window_fake,
          aquarium_window_corridor_1, aquarium_view_2b, uniq_sigmund

Skill      XL: |  1  2  3 |
---------------+----------+-----
Slings         | 6 7 |  7.8
Fighting       | 2 |  2.1
Armour         | |  0.2
Dodging        | |  2.2
Stealth        | |  1.7

Action                   |  1- 3 |  4- 6 || total
-------------------------+-------+-------++-------
 Fire: Hunting sling     |    87 |    39 ||   126
  Use: Potion            |       |     1 ||     1
Armor: Leather armour    |     4 |     2 ||     6
Dodge: Dodged            |    12 |     1 ||    13
Block: Kite shield       |     2 |       ||     2

Table legend: (Time is in decaauts)
 A = Elapsed time spent in this place.
 B = Non-inter-level travel time spent in this place.
 C = Inter-level travel time spent in this place.
 D = Time resting spent in this place.
 E = Time spent auto-exploring this place.
 F = Levels seen in this place.
 G = Mean time per level.
                   A        B        C        D        E       F      G
               +--------+--------+--------+--------+--------+-----+--------+
         Total |   1435 |   1409 |     26 |      0 |   1148 |   3 |  478.3 |
       Dungeon |   1435 |   1409 |     26 |      0 |   1148 |   3 |  478.3 |
               +--------+--------+--------+--------+--------+-----+--------+

Top non-repeatable levels by time:
     D:1: 701 daAuts
     D:2: 567 daAuts
     D:3: 165 daAuts
